 Dungeon Crawl Stone Soup version 0.28-a0-628-g3c9886e45e (webtiles) character file.

Game seed: 3397810587632595069

14 mordus the Chopper (level 2, 0/26 HPs)
             Began as a Hill Orc Monk on Oct 8, 2021.
             Slain by a goblin (1 damage)
             ... led by Robin
             ... on level 2 of the Dungeon.
             The game lasted 00:01:03 (722 turns).

mordus the Chopper (Hill Orc Monk)                   Turns: 722, Time: 00:01:03

Health: 0/26       AC:  2    Str: 13    XL:     2   Next: 41%
Magic:  2/2        EV: 12    Int: 10    God:
Gold:   31         SH:  0    Dex: 13    Spells: 1/1 levels left

rFire   . . .      SeeInvis .   a - +0 hand axe
rCold   . . .      Faith    .   (no shield)
rNeg    . . .      Spirit   .   b - +0 robe
rPois   .          Reflect  .   (no helmet)
rElec   .          Harm     .   (no cloak)
rCorr   .          Rampage  .   (no gloves)
Will    .....                   (no boots)
Stlth   ++........              (no amulet)
HPRegen 0.08/turn               (no ring)
MPRegen 0.08/turn               (no ring)

@: no status effects
A: no striking features
a: no special abilities


You were on level 2 of the Dungeon.
You visited 1 branch of the dungeon, and saw 2 of its levels.

You collected 31 gold pieces.

Inventory:

Hand Weapons
 a - a +0 hand axe (weapon)
Armour
 b - a +0 robe (worn)
Scrolls
 c - a scroll of vulnerability {unknown}


   Skills:
 - Level 3.6 Fighting
 * Level 4.7 Axes
 + Level 1.1 Armour
 - Level 2.4 Dodging
 - Level 1.5 Stealth


You had one spell level left.
You didn't know any spells.
Your spell library was empty.

Dungeon Overview and Level Annotations

Branches:
Dungeon (1/15)

Altars:

Annotations:
D:2 Robin


Message History

You kill the goblin!
The goblin shoots a stone.
The stone hits you.
* * * LOW HITPOINT WARNING * * *
The goblin unwields a +0 hunting sling.
The goblin wields a +0 dagger of speed.
The goblin hits you but does no damage. The goblin misses you.
Items here: ( )) †.
You closely miss the goblin.
The goblin hits you with a +0 dagger of speed.
* * * LOW HITPOINT WARNING * * *
You hit the goblin.
You kill the goblin!
Items here: ( )) †.
You start resting.
A goblin comes into view. It is wielding a +0 club.
Items here: ( )) †.
A goblin comes into view. It is wielding a +0 dagger.
You start resting.
A goblin comes into view. It is wielding a +0 club.
Robin of the Strong Arm comes into view.
They are wielding a +0 dagger.
Robin shouts!
The goblin shouts!
You hear a shout!
The goblin hits you with a +0 club. Robin throws the goblin at you!
The goblin shouts!
You are too injured to fight recklessly!
You are too injured to fight recklessly!
You are too injured to fight recklessly!
You barely miss the goblin. You closely miss the goblin.
The goblin hits you with a +0 club. x2
* * * LOW HITPOINT WARNING * * *
You hit the goblin.
You kill the goblin!
You hit the goblin. The goblin closely misses you.
Robin roars a battlecry!
The goblins go into a battle-frenzy!
You barely miss the goblin.
The goblin is heavily wounded.
The goblin hits you with a +0 club.
* * * LOW HITPOINT WARNING * * *
A goblin comes into view. It is wielding a +0 dagger.
Robin throws the goblin at you! The goblin hits you with a +0 dagger.
You die...

#.# #.# #.#
#.# #†#
#)#####
########).gg.#
#.........##g#
#.........##@#
#.........##g#
#.........##.#
#..?..)...##.#
#.....g...##.#
#......!g.##.#
#.........##..
#.........####
#...........


You could see Robin and 2 goblins.

Vanquished Creatures
  A ball python (D:1)
  4 goblins (D:2)
  A hobgoblin (D:1)
  A quokka (D:2)
  2 bats
  2 kobolds
  A rat (D:2)
12 creatures vanquished.

Notes
Turn   | Place    | Note
-------+----------+-------------------------------------------
     0 | D:1      | mordus the Hill Orc Monk began the quest for the Orb.
     0 | D:1      | Reached XP level 1. HP: 19/19 MP: 1/1
   232 | D:1      | Found a faded altar of an unknown god.
   503 | D:1      | You fall into a shaft and drop 1 floor!
   519 | D:2      | Reached XP level 2. HP: 14/26 MP: 2/2
   548 | D:2      | Reached skill level 1 in Armour
   552 | D:2      | HP: 1/26 [goblin[Robin] (2)]
   718 | D:2      | Noticed Robin
   721 | D:2      | HP: 1/26 [goblin[Robin] (5)]
   722 | D:2      | Slain by a goblin

Illustrated notes

Levels and vault maps discovered:
D:1:      dpeg_arrival_chambers_temple_mockup, layout_basic,
          ebering_ecumenical_altar_box, serial_forest,
          infiniplex_forest_clump_small, infiniplex_forest_diagonal,
          infiniplex_forest_end_2, infiniplex_forest_zigzag_2,
          infiniplex_forest_lined_2, infiniplex_forest_lined_room_2,
          infiniplex_forest_clump_large, wander_ebering_terrifying_dragon_lair
D:2:      layout_basic, minmay_snake_closets, uniq_sigmund, uniq_terence,
          uniq_robin

Skill      XL: |  1  2 |
---------------+-------+-----
Armour         | 1 |  1.1
Fighting       | |  3.6
Axes           | |  4.7
Dodging        | |  2.4
Stealth        | |  1.5

Action                   || total
-------------------------++-------
Melee: Hand axe          ||    36
 Stab: Sleeping          ||     2
Armor: Robe              ||    12
Dodge: Dodged            ||    44

Table legend: (Time is in decaauts)
 A = Elapsed time spent in this place.
 B = Non-inter-level travel time spent in this place.
 C = Inter-level travel time spent in this place.
 D = Time resting spent in this place.
 E = Time spent auto-exploring this place.
 F = Levels seen in this place.
 G = Mean time per level.
                   A        B        C        D        E       F      G
               +--------+--------+--------+--------+--------+-----+--------+
         Total |    724 |    724 |      0 |    154 |    469 |   2 |  362.0 |
       Dungeon |    724 |    724 |      0 |    154 |    469 |   2 |  362.0 |
               +--------+--------+--------+--------+--------+-----+--------+

Top non-repeatable levels by time:
     D:1: 504 daAuts
     D:2: 220 daAuts
